 Dungeon Crawl Stone Soup version 0.18-a0-382-gd7addec (webtiles) character file.

67 Arkorax the Ducker (level 4, -1/22 HPs)
             Began as a Spriggan Gladiator on Nov 30, 2015.
             Slain by an iguana (8 damage)
             ... on level 4 of the Dungeon.
             The game lasted 00:05:16 (3233 turns).

Arkorax the Ducker (Spriggan Gladiator)             Turns: 3233, Time: 00:05:16

Health: -1/22      AC:  2    Str: 12    XL:     4   Next: 0%
Magic:  5/5        EV: 21    Int:  9    God:
Gold:   76         SH:  0    Dex: 16    Spells: 0 memorised, 3 levels left

rFire  . . .     SeeInvis +     a - +0 quarterstaff
rCold  . . .     Clarity  .     b - +0 robe
rNeg   . . .     SustAt   .     (shield currently unavailable)
rPois  .         Gourm    .     c - +0 hat
rElec  .         Spirit   .     (no cloak)
rCorr  .         Warding  .     (gloves unavailable)
rMut   .         Stasis   .     (boots unavailable)
MR     +....                    (no amulet)
Stlth  ++........               t - ring of stealth
                                l - ring of protection from magic

@: very quick, somewhat resistant to hostile enchantments, unstealthy
A: unfitting armour, see invisible, herbivore 3, speed 3, slow metabolism 2
a: no special abilities


You were on level 4 of the Dungeon.
You were not hungry.

You visited 1 branch of the dungeon, and saw 4 of its levels.

You collected 76 gold pieces.

Inventory:

Hand Weapons
 a - a +0 quarterstaff (weapon)
 u - the +8 mithril axe "Arga" {speed, MR+ Str+2}
   (You found it on level 4 of the Dungeon)

   Attacks with this weapon are significantly faster.
   It affects your strength (+2).
   It affects your resistance to hostile enchantments.
Missiles
 d - 3 throwing nets (quivered)
Armour
 b - a +0 robe (worn)
 c - a +0 hat (worn)
Jewellery
 l - a ring of protection from magic (left hand)
 m - an uncursed ring of wizardry
 t - a ring of stealth (right hand)
Scrolls
 g - 2 scrolls of remove curse {unknown}
 i - 2 scrolls of magic mapping {unknown}
 k - a scroll of recharging {unknown}
 n - a scroll of random uselessness {unknown}
 q - 2 scrolls of immolation {unknown}
 s - a scroll of identify {unknown}
Potions
 f - 4 potions of curing {unknown}
 j - 2 potions of degeneration {unknown}
 o - a potion of might {unknown}
 p - a potion of flight {unknown}
 r - a potion of poison {unknown}
 v - a potion of brilliance {unknown}
Comestibles
 e - 2 bread rations
 h - a royal jelly


   Skills:
 - Level 1.5 Fighting
 + Level 2.9 Staves
 - Level 2.0 Throwing
 + Level 6.0 Dodging


You had 3 spell levels left.
You didn't know any spells.

Dungeon Overview and Level Annotations

Branches:
Dungeon (4/15)             Temple (0/1) D:4

Altars:


Innate Abilities, Weirdness & Mutations

You are tiny and cannot use many weapons and most armour.
You have supernaturally acute eyesight.
You are a herbivore.
You cover ground extremely quickly.
You need consume almost no food.


Message History

The iguana closely misses you.
You barely miss the iguana.
The iguana is severely wounded.
The iguana misses you.
You barely miss the iguana.
The iguana is severely wounded.
The iguana bites you but does no damage.
You closely miss the iguana.
The iguana is severely wounded.
The iguana bites you!
You barely miss the iguana.
The iguana is severely wounded.
The iguana misses you.
You hit the iguana but do no damage.
The iguana is severely wounded.
The iguana completely misses you. x2
You barely miss the iguana.
The iguana is severely wounded.
The iguana bites you!
You die...

#...# #..##.##.#
#....ooo#.....##Z#
#..####.##.#####.#
#.. ##.#####.# #.#
#......#.# #.
#..###.#.# #.
#..###.#.# ##
#...<#.#.# .#
##@###.#†# ..# #l#
#...# ######.# #.#
##### #......###.#
#.......##.#
......##.# ###+
#...##.# #....
#..l.#.#
#.⌠.⌠.#l.#.#.#


You could see an iguana.

Vanquished Creatures
  An ooze (D:2)
  A worm (D:2)
  2 giant geckos
  4 ball pythons (D:1)
  5 bats
  2 giant cockroaches
  4 hobgoblins
  9 jackals
  8 kobolds (D:1)
  4 giant newts
  11 goblins
  7 rats
58 creatures vanquished.

Notes
Turn   | Place    | Note
--------------------------------------------------------------
     0 | D:1      | Arkorax the Spriggan Gladiator began the quest for the Orb.
     0 | D:1      | Reached XP level 1. HP: 10/10 MP: 2/2
   190 | D:1      | Reached XP level 2. HP: 14/14 MP: 3/3
   299 | D:1      | Reached skill level 5 in Dodging
   779 | D:1      | Reached XP level 3. HP: 14/18 MP: 4/4
  2495 | D:3      | Noticed an orc warrior
  2512 | D:3      | Noticed a phantom
  2761 | D:4      | Reached skill level 6 in Dodging
  2974 | D:4      | Found a staircase to the Ecumenical Temple.
  3142 | D:2      | Reached XP level 4. HP: 18/22 MP: 5/5
  3233 | D:4      | Slain by an iguana

Vault maps used:
D:1:      dpeg_arrival_water_fire, interstate_on_off, kennysheep_minor_cross,
          minivault_25
D:2:      minmay_bad_closet, serial_bayou_pond_a, serial_park_tiny_pond
D:4:      minmay_temple_entry_hall, first_bread

Action                   |  1- 3 |  4- 6 || total
-------------------------+-------+-------++-------
Melee: Quarterstaff      |   174 |    15 ||   189
       Broad axe         |     4 |       ||     4
 Stab: Sleeping          |     4 |       ||     4
